 Dungeon Crawl Stone Soup version bcrawl-1.32 (webtiles) character file.

Game seed: 8855530624047980126

170985 Morbidden the Ducker (level 5, 0/45 HPs)
             Began as a Djinni Archaeologist on June 26, 2021.
             Succumbed to a worker ant's poison
             ... on level 4 of the Dungeon.
             The game lasted 00:04:47 (2790 turns).

Morbidden the Ducker (Djinni Archaeologist)         Turns: 2790, Time: 00:04:47

Health: 0/45       AC:  9    Str: 15    XL:     5   Next: 96%
Magic:  8/8        EV: 11    Int: 16    God:
Gold:   135        SH:  4    Dex:  9    Spells: 8/8 levels left

rFire    . . .     SeeInvis .   b - +0 hunting sling
rCold    . . .     Gourm    .   (no shield)
rNeg     + . .     Faith    .   q - +0 ring mail
rPois    .         Spirit   .   d - +1 hat
rElec    .         Reflect  +   (no cloak)
rCorr    .         Harm     .   (no gloves)
MR       ++...     Rnd*Rage +   (boots unavailable)
Stlth    +.........             x - +4 amulet of reflection
HPRegen  0.15/turn              t - +3 ring of protection
MPRegen  0.11/turn              h - ring "Lauvyufe" {rN+ MR++ Slay+3}

@: lethally poisoned (0 -> -1), flying
A: never pass out, berserk 2, blink, blurry vision 2, wild magic 2, MP-powered
wands, floating
a: Blink


You were on level 4 of the Dungeon.
You were not hungry.

You visited 1 branch of the dungeon, and saw 4 of its levels.

You collected 135 gold pieces.

Inventory:

Hand Weapons
 a - a +0 dagger
 b - a +0 hunting sling (weapon)
 k - a +2 vampiric dagger
 o - a +0 blowgun
Missiles
 f - 6 curare-tipped needles
 j - 245 sling bullets (quivered)
Armour
 d - a +1 hat (worn)
 q - a +0 ring mail (worn)
Jewellery
 h - the ring "Lauvyufe" (right hand) {rN+ MR++ Slay+3}
   (You acquired it on level 3 of the Dungeon)

   [ring of positive energy]

   It affects your accuracy and damage with ranged weapons and melee attacks
   (+3).
   It protects you from negative energy.
   It affects your resistance to hostile enchantments.
 t - a +3 ring of protection (left hand)
 u - an uncursed amulet of magic regeneration
 w - an uncursed ring of wizardry
 x - a +4 amulet of reflection (around neck)
Scrolls
 g - a scroll of magic mapping
 l - a scroll of enchant weapon {unknown}
 m - 2 scrolls of remove curse
Potions
 c - 3 potions of lignification {unknown}
 n - a potion of curing {unknown}
 p - a potion of agility {unknown}
 r - a potion of heal wounds {unknown}
 s - a potion of brilliance {unknown}
Comestibles
 e - 5 rations {!d}
 v - 2 chunks of flesh


   Skills:
 * Level 3.1 Fighting
 * Level 1.3 Short Blades
   Level 1.0 Maces & Flails
 + Level 2.1 Slings
 + Level 0.4 Armour
 * Level 4.3 Dodging
 + Level 2.7 Stealth
 * Level 2.4 Spellcasting


You had 8 spell levels left.
You didn't know any spells.
Your spell library was empty.

Dungeon Overview and Level Annotations

Branches:
Dungeon (4/12)
 Temple: D:4-7

Altars:
Sif Muna


Innate Abilities, Weirdness & Mutations

You never pass out after going berserk.
You often lose your temper in combat.
You can translocate small distances at will.
Scrolls take you longer to read.
Your spells are harder to cast, but more powerful.
You expend magic power (3 MP) to strengthen your wands.
Your body floats in the air.


Message History

You shoot a sling bullet.
The sling bullet closely misses the ogre.
The worker ant bites you. The ogre closely misses you.
The worker ant misses you.
Firing (i - inventory)
j - 246 sling bullets (quivered)
Press: ? - help, Shift-Dir - straight line, f/p - ogre
Aim: an ogre, wielding a +0 giant club (heavily wounded)
You shoot a sling bullet.
The sling bullet barely misses the ogre.
You feel sick.
The ogre hits you with a +0 giant club!!
* * * LOW HITPOINT WARNING * * *
The worker ant misses you.
You are too injured to fight recklessly!
The worker ant bites you.
* * * LOW HITPOINT WARNING * * *
You feel sick. The worker ant bites you.
* * * LOW HITPOINT WARNING * * *
You die...

######## #########
#......#
........###......#
.................#
.................+
.......@.a.......#
########.O.......##
#..........#
########...##
#....#####
###.......
##.......
...........
..###.......


You could see an ogre and a worker ant.

Vanquished Creatures
  A hound (D:3)
  An orc priest (D:3)
  An iguana (D:2)
  2 orc wizards (D:3)
  A gnoll (D:2)
  2 adders (D:3)
  2 worms
  2 dart slugs (D:2)
  2 leopard geckos
  12 orcs (D:3)
  4 bats
  A giant cockroach (D:2)
  6 goblins
  10 hobgoblins
  3 jackals (D:3)
  11 kobolds
  2 quokkas (D:2)
  2 ball pythons
  5 frilled lizards
  6 rats (D:1)
76 creatures vanquished.

Notes
Turn   | Place    | Note
-------+----------+-------------------------------------------
     0 | D:1      | Morbidden the Djinni Archaeologist began the quest for the
                  | Orb.
     0 | D:1      | Reached XP level 1. HP: 16/16 MP: 1/1
   188 | D:1      | Reached XP level 2. HP: 21/23 MP: 2/2
  1190 | D:2      | Reached skill level 1 in Spellcasting
  1202 | D:2      | Reached XP level 3. HP: 29/29 MP: 4/4
  1544 | D:2      | Reached skill level 4 in Dodging
  1544 | D:2      | Gained mutation: Your spells are harder to cast, but more
                  | powerful. [Djinni growth]
  1544 | D:2      | Gained mutation: You can translocate small distances at
                  | will. [Djinni growth]
  1544 | D:2      | Reached XP level 4. HP: 25/36 MP: 4/6
  1972 | D:3      | Reached skill level 1 in Slings
  2168 | D:3      | Found a shimmering blue altar of Sif Muna.
  2231 | D:3      | Reached XP level 5. HP: 42/42 MP: 7/7
  2231 | D:3      | Identified a scroll of acquirement
  2234 | D:3      | Identified the ring "Lauvyufe" {rN+ MR++ Slay+3} (You
                  | acquired it on level 3 of the Dungeon)
  2305 | D:3      | Reached skill level 1 in Short Blades
  2767 | D:4      | Noticed an ogre
  2789 | D:4      | HP: 1/45 [worker ant (2)]
  2790 | D:4      | Succumbed to a worker ant's poison

Skill      XL: |  1  2  3  4  5 |
---------------+----------------+-----
Spellcasting   | 1 2 |  2.4
Fighting       | 2 3 |  3.1
Dodging        | 4 |  4.3
Slings         | 1 2 |  2.1
Short Blades   | 1 |  1.3
Maces & Flails | |  1.0
Armour         | |  0.4
Stealth        | |  2.7

Action                   |  1- 3 |  4- 6 || total
-------------------------+-------+-------++-------
Melee: Whip              |    33 |       ||    33
       Dagger            |    48 |       ||    48
 Fire: Hunting sling     |    94 |   153 ||   247
  Use: Scroll            |     2 |     4 ||     6
 Stab: Sleeping          |     2 |       ||     2
  Eat: Chunk             |     7 |     9 ||    16
Armor: Robe              |    12 |       ||    12
       Ring mail         |    50 |    36 ||    86
Dodge: Dodged            |    74 |    71 ||   145
Block: Other             |       |     8 ||     8
